 Dungeon Crawl Stone Soup version 0.30-a0-939-gc8157cb160 (webtiles) character file.

Game seed: 15958051250978818152

5604 Bnni the Geomancer (level 11, -1/87 HPs)
             Began as a Formicid Earth Elementalist on Mar 25, 2023.
             Was a Follower of Cheibriados.
             Slain by Grum
             ... wielding a -2 glaive
              (18 damage)
             ... on level 9 of the Dungeon.
             The game lasted 00:21:16 (8430 turns).

Bnni the Geomancer (Formicid Earth Elementalist)    Turns: 8430, Time: 00:21:16

Health: -1/87      AC:  8    Str: 15    XL:     11   Next: 3%
Magic:  11/17      EV: 11    Int: 23    God:    Cheibriados [*.....]
Gold:   417        SH:  4    Dex: 23    Spells: 8/18 levels left

rFire   + . .      SeeInvis +    E - +4 war axe (freeze)
rCold   + . .      Faith    .    y - +0 buckler
rNeg    . . .      Spirit   .    K - +1 ring mail {rF+}
rPois   +          Reflect  .    (helmet unavailable)
rElec   .          Rampage  .    C - -1 cloak of Peggir Xuoh {rC+}
rCorr   .                        c - +0 pair of gloves
Will    +....                    (no boots)
Stlth   ++                       A - amulet of regeneration
HPRegen 1.14/turn                k - +6 ring of dexterity
MPRegen 0.15/turn                r - ring of poison resistance

@: very slow
A: permanent stasis, dig shafts and tunnels, antennae 3, four strong arms
a: Dig, Shaft Self, Renounce Religion, Bend Time


You were on level 9 of the Dungeon.
You worshipped Cheibriados.
Cheibriados was aware of your devotion.
You visited 2 branches of the dungeon, and saw 10 of its levels.
You also visited: Ossuary.

You collected 417 gold pieces.

Inventory:

Hand Weapons
 E - a +4 war axe of freezing (weapon)
Missiles
 d - 3 poisoned darts
 o - 2 curare-tipped darts
 p - a boomerang of dispersal
Armour
 c - a +0 pair of gloves (worn)
 y - a +0 buckler (worn)
 B - a +0 chain mail
 C - the -1 cloak of Peggir Xuoh (worn) {rC+}
   (You found it on level 4 of the Dungeon)

   rC:        It protects you from cold.
 K - a +1 ring mail of fire resistance (worn)
Jewellery
 f - a ring of ice
 k - a +6 ring of dexterity (left hand)
 r - a ring of poison resistance (right hand)
 A - an amulet of regeneration (around neck)
 J - an amulet of magic regeneration
Wands
 v - a wand of polymorph (4)
 F - a wand of charming (10)
 H - a wand of digging (8)
Scrolls
 a - 3 scrolls of fear
 e - a scroll of brand weapon
 g - a scroll of poison
 h - 5 scrolls of magic mapping
 l - 3 scrolls of immolation {unknown}
 n - a scroll of silence
 u - a scroll of enchant armour
 w - a scroll of fog
 G - a scroll of torment {unknown}
 I - 4 scrolls of vulnerability {unknown}
Potions
 i - 3 potions of curing
 j - 2 potions of flight
 m - 2 potions of ambrosia
 q - 2 potions of heal wounds
 s - 2 potions of lignification
 t - 4 potions of mutation
 x - 4 potions of brilliance
 z - a potion of attraction


   Skills:
 + Level 8.6 Fighting
 + Level 5.8 Armour
 - Level 1.7 Dodging
 - Level 2.4 Stealth
 - Level 4.0 Spellcasting
 - Level 3.0 Transmutations
 * Level 13.6 Earth Magic
 + Level 3.6 Invocations


You had 8 spell levels left.
You knew the following spells:

 Your Spells              Type           Power      Damage    Failure   Level
a - Sandblast             Erth           100%       2d20      1%          1
b - Passwall              Tmut/Erth      35%        N/A       1%          2
c - Stone Arrow           Conj/Erth      72%        3d11      4%          3
d - Petrify               Tmut/Erth      42%        N/A       8%          4

Your spell library contained the following spells:

 Spells                   Type           Power      Damage    Failure   Level
 Sting                    Tmut/Pois      44%        1d5       13%         1
 Shock                    Conj/Air       16%        1d4       24%         1
 Cigotuvi's Dreadful Rot  Necr/Pois/Air  8%         N/A       36%         2
 Poisonous Vapours        Pois/Air       8%         N/A       36%         2
 Gell's Gravitas          Tloc           4%         N/A       58%         3
 Teleport Other           Tloc           4%         N/A       58%         3
 Airstrike                Air            2%         2d(1-17)  94%         4
 Cause Fear               Hex            2%         N/A       94%         4
 Dispel Undead            Necr           4%         3d7       94%         4
 Manifold Assault         Tloc           4%         N/A       94%         4
 Olgreb's Toxic Radiance  Pois           4%         N/A       94%         4
 Death Channel            Necr           2%         N/A       100%        6
 Dispersal                Tloc           2%         N/A       100%        6
 Dragon Form              Tmut           9%         N/A       100%        7
 Disjunction              Tloc           2%         N/A       100%        8
 Dragon's Call            Summ           2%         N/A       100%        9
 Swiftness                Air            Unusable   N/A       N/A         3

Dungeon Overview and Level Annotations

Branches:
Dungeon (9/15)             Temple (1/1) D:7         Ossuary (visited)
   Lair: D:8-11         Orc: D:9-12

Altars:
Ashenzari
Cheibriados
Dithmenos
Elyvilon
Fedhas
Gozag
Hepliaklqana
Kikubaaqudgha
Makhleb
Okawaru
Qazlal
Ru
Sif Muna
Trog
Uskayaw
Vehumet
Wu Jian
Xom
Yredelemnul
Zin
The Shining One

Annotations:
D:9 Grum
Temple 2 transporters


Innate Abilities, Weirdness & Mutations

You cannot be hasted, slowed, berserked, paralysed or teleported.
You can dig through walls and to a lower floor.
You have a pair of large antennae on your head. (SInv)
Your four strong arms can wield two-handed weapons with a shield.


Message History

Press: ? - help, Q - select action, (/) - cycle Shift-Dir - straight line, f/p - troll
Aim: a troll (severely wounded, 85% to hit)
The blast of sand hits the troll!
You kill the troll!
Cheibriados appreciates the change of pace.
You block the gnoll sergeant's attack. The wolf bites you but does no damage.
Grum misses you. The gnoll sergeant closely misses you.
The wolf completely misses you.
You have reached level 11!
Unknown command.
Aiming: Sandblast (safe; 1% risk of failure)
Press: ? - help, Q - select action, (/) - cycle Shift-Dir - straight line, f - wolf
Aim: a wolf (76% to hit)
The blast of sand hits the wolf!
The wolf is moderately wounded.
The wolf closely misses you.
Grum bares his teeth.
You block Grum's attack.
The gnoll sergeant completely misses you.
You block the wolf's attack. Grum closely misses you.
Aiming: Sandblast (safe; 1% risk of failure)
Press: ? - help, Q - select action, (/) - cycle Shift-Dir - straight line, f/p - wolf
Aim: a wolf (moderately wounded, 76% to hit)
The blast of sand hits the wolf.
The wolf is heavily wounded.
The wolf bites you but does no damage.
The gnoll sergeant hits you from afar with a +0 trident.
The wolf bites you. You block Grum's attack.
The gnoll sergeant closely misses you. The wolf bites you.
* * * LOW HITPOINT WARNING * * *
Aiming: Sandblast (safe; 1% risk of failure)
Press: ? - help, Q - select action, (/) - cycle Shift-Dir - straight line, f/p - wolf
Aim: a wolf (heavily wounded, 76% to hit)
The blast of sand misses the wolf.
The blast of sand hits the gnoll sergeant.
The gnoll sergeant is lightly wounded.
The wolf bites you.
* * * LOW HITPOINT WARNING * * *
Grum hits you from afar with a -2 glaive!!
You die...

..## #.#...######
...###.#........#
.......+....)...#
####.......†)...#
.....#######)...#
####.#.....#....#
#..#..$..#..).# # #
#..#.._..+....##.#....
....#.$.$.#....@hg.....
.###.#...$.#....##g.....
#.#######....# ..~~.
..........## .~..
#.#####.# ~~. #. #.. ..
.. . #


You could see Grum, a gnoll sergeant and a wolf.

Vanquished Creatures
  A sixfirhy (D:8)
  A troll (D:9)
  The ghost of anet the Conjurer, an amateur HOCj of Beogh (D:4)
  The ghost of MacCMillion the Cleaver, an amateur MiFi (D:5)
  Prince Ribbit (D:6)
  A hornet (D:9)
  A wraith (D:8)
  Eustachio (D:4)
  A steam dragon (D:6)
  Menkaure (D:6)
  Duvessa (D:5)
  3 water moccasins
  An ice beast (D:8)
  A sky beast (D:7)
  A black bear (D:6)
  2 ogres
  3 wolves (D:9)
  2 phantoms
  A kobold brigand (D:9)
  A bullfrog (D:5)
  5 scorpions
  6 water moccasin zombies (Ossuary)
  8 wights
  Dowan (D:5)
  3 howler monkeys (D:9)
  4 hounds
  2 orc priests
  2 jellies (D:6)
  3 iguanas
  A gnoll bouda (D:6)
  A scorpion zombie (D:4)
  7 orc wizards
  2 mummies (Ossuary)
  10 gnolls
  7 adders
  A shadow imp (D:7)
  4 white imps
  An ufetubus (D:5)
  7 adder zombies
  4 worms
  4 dart slugs
  21 orcs
  10 endoplasms
  3 giant cockroaches (D:1)
  4 gnoll zombies (Ossuary)
  5 goblins
  7 hobgoblins
  11 kobolds
  3 quokkas
  8 ball pythons
  7 bats
  A frilled lizard (D:3)
  A hobgoblin zombie (Ossuary)
  6 kobold zombies (Ossuary)
  3 orc zombies (Ossuary)
  4 rats
  A spectral goblin (D:7)
204 creatures vanquished.

Notes
Turn   | Place    | Note
-------+----------+-------------------------------------------
     0 | D:1      | Bnni the Formicid Earth Elementalist began the quest for
                  | the Orb.
     0 | D:1      | Reached XP level 1. HP: 13/13 MP: 3/3
    96 | D:1      | Reached XP level 2. HP: 20/20 MP: 1/5
   195 | D:1      | Reached skill level 4 in Earth Magic
   279 | D:1      | Found a faded altar of an unknown god.
   365 | D:1      | Reached skill level 1 in Fighting
   365 | D:1      | Reached XP level 3. HP: 26/26 MP: 3/6
  1550 | D:2      | Reached XP level 4. HP: 32/32 MP: 4/8
  1553 | D:2      | Learned a level 2 spell: Passwall
  1854 | D:2      | Found an ornate altar of the Wu Jian Council.
  2047 | D:3      | Learned a level 4 spell: Petrify
  2146 | D:3      | Reached XP level 5. HP: 34/38 MP: 3/9
  2330 | D:3      | Reached skill level 5 in Earth Magic
  2359 | D:3      | Found a hide-covered altar of Uskayaw.
  2517 | D:3      | Found an ancient bone altar of Kikubaaqudgha.
  2518 | D:3      | Found a blossoming altar of Fedhas.
  2532 | D:3      | Learned a level 3 spell: Stone Arrow
  2995 | D:4      | Reached XP level 6. HP: 44/45 MP: 6/10
  3182 | D:4      | Found a sand-covered staircase.
  3186 | Ossuary  | Entered an ossuary
  3348 | Ossuary  | Reached skill level 6 in Earth Magic
  3356 | Ossuary  | Reached XP level 7. HP: 28/52 MP: 1/12
  3572 | Ossuary  | Reached skill level 7 in Earth Magic
  3778 | D:4      | Noticed Eustachio
  3792 | D:4      | Killed Eustachio
  3793 | D:4      | Reached XP level 8. HP: 60/60 MP: 10/14
  4030 | D:4      | Reached skill level 8 in Earth Magic
  4056 | D:4      | Found a runed translucent gate.
  4057 | D:4      | Found a runed translucent gate.
  4258 | D:4      | Found a runed translucent gate.
  4258 | D:4      | Noticed anet's ghost (amateur HOCj)
  4260 | D:4      | Found a basalt altar of Yredelemnul.
  4537 | D:5      | Entered Level 5 of the Dungeon
  4537 | D:5      | Found a runed translucent door.
  4541 | D:5      | Noticed MacCMillion's ghost (amateur MiFi)
  4561 | D:5      | Noticed Dowan
  4563 | D:5      | Noticed Duvessa
  4564 | D:5      | Killed Dowan
  4576 | D:5      | Killed Duvessa
  4577 | D:5      | Reached skill level 5 in Fighting
  4577 | D:5      | Reached skill level 9 in Earth Magic
  5084 | D:5      | Found a stormy altar of Qazlal.
  5241 | D:5      | Reached skill level 10 in Earth Magic
  5241 | D:5      | Reached XP level 9. HP: 69/69 MP: 11/15
  5526 | D:5      | Found a glowing golden altar of the Shining One.
  5572 | D:5      | Found a shadowy altar of Dithmenos.
  5782 | D:5      | Killed MacCMillion's ghost
  5783 | D:5      | Reached skill level 1 in Armour
  5832 | D:4      | Killed anet's ghost
  5833 | D:4      | Reached skill level 11 in Earth Magic
  5835 | D:4      | Identified the -1 cloak of Peggir Xuoh {rC+}
  6018 | D:6      | Noticed Menkaure
  6022 | D:6      | Killed Menkaure
  6206 | D:6      | Found a radiant altar of Vehumet.
  6211 | D:6      | Found a shimmering blue altar of Sif Muna.
  6245 | D:6      | Noticed Prince Ribbit
  6251 | D:6      | Killed Prince Ribbit
  6252 | D:6      | Reached XP level 10. HP: 79/79 MP: 11/16
  6321 | D:6      | Reached skill level 12 in Earth Magic
  6873 | D:7      | Found an opulent altar of Gozag.
  6966 | D:7      | Found a hazy altar of Hepliaklqana.
  7069 | D:7      | Found a staircase to the Ecumenical Temple.
  7076 | Temple   | Entered the Ecumenical Temple
  7076 | Temple   | Found a transporter.
  7076 | Temple   | Found a transporter.
  7078 | Temple   | Found a transporter.
  7078 | Temple   | Found a transporter.
  7101 | Temple   | Became a worshipper of Cheibriados the Contemplative
  7310 | D:8      | Found a runed translucent door.
  7356 | D:8      | Found a burning altar of Makhleb.
  7356 | D:8      | Noticed a sixfirhy
  7520 | D:8      | Reached skill level 1 in Invocations
  7702 | D:8      | Reached skill level 5 in Armour
  7762 | D:8      | Found an ornate altar of the Wu Jian Council.
  7772 | D:8      | Reached skill level 13 in Earth Magic
  8149 | D:8      | Killed a sixfirhy
  8380 | D:9      | Found a glowing silver altar of Zin.
  8395 | D:9      | Reached * piety under Cheibriados
  8418 | D:9      | Noticed Grum
  8428 | D:9      | Reached XP level 11. HP: 26/87 MP: 13/17
  8430 | D:9      | Slain by Grum

Illustrated notes

Levels and vault maps discovered:
D:1:      moated_graveyard_arrival, layout_basic,
          hellmonk_ecumenical_altar_lost_god
D:2:      layout_loops_ring, basic_altar
D:3:      layout_basic, grunt_temple_overflow_growth_and_decay,
          mainiacjoe_overflow_boulevard, minmay_vboxes
D:4:      layout_cave_pods, nicolae_yredelemnul_ghost_church,
          lightli_ossuary_entry_decrepit_ruins, nicolae_elevator_lobby_asterisk,
          uniq_eustachio
D:5:      layout_loops_ring, grunt_qazlal_clouds, tso_altar,
          overflow_temple_1_default, hellmonk_ghost_happy_afterlife,
          hangedman_abyss_or_decor_stabs, kennysheep_generic_room_15,
          uniq_duvessa
D:6:      layout_loops_ring, lemuel_tele_altar, nicolae_sif_muna_condensation,
          uniq_menkaure, uniq_prince_ribbit1
D:7:      layout_cave_pools, nicolae_hepliaklqana_monster_ancestors,
          old_standard_altar, minmay_temple_entry_nine_rooms
D:8:      layout_basic, nicolae_wu_jian_glorious_leap, nzn_makhleb_speed_demon
D:9:      layout_basic, amcnicky_altar_gilded, orc_0_dummy, serial_shops,
          nicolae_take_the_stairs, uniq_grum
Temple:   hellmonk_temple_divided_pantheon

Skill      XL: |  1  2  3  4  5  6  7  8  9 10 |
---------------+-------------------------------+-----
Earth Magic    | 4 5 6 7 10 11 13 | 13.6
Fighting       | 1 2 3 4 5 7 8 |  8.6
Transmutations | 2 3 |  3.0
Spellcasting   | 3 4 |  4.0
Armour         | 3 5 |  5.8
Invocations    | 3 |  3.6
Dodging        | |  1.7
Stealth        | |  2.4

Action                     |  1- 3 |  4- 6 |  7- 9 | 10-12 || total
---------------------------+-------+-------+-------+-------++-------
  Melee: Unarmed           |     7 |       |       |       ||     7
         Club              |     4 |       |       |       ||     4
         Dagger            |     1 |     2 |     7 |       ||    10
         War axe           |       |       |       |     3 ||     3
  Throw: Dart              |       |       |     4 |       ||     4
         Boomerang         |       |       |     1 |       ||     1
   Cast: Sandblast         |    48 |    66 |   150 |   107 ||   371
         Passwall          |       |     1 |       |       ||     1
Ability: Dig               |       |     2 |       |       ||     2
    Use: Scroll            |       |     1 |    15 |     1 ||    17
         Potion            |       |       |       |     3 ||     3
   Stab: Sleeping          |       |     1 |       |       ||     1
 Armour: Robe              |     8 |     4 |     4 |       ||    16
         Ring mail         |       |       |     1 |    32 ||    33
         Steam dragon scal |       |       |       |     5 ||     5
         Skin              |       |       |       |     3 ||     3
  Dodge: Dodged            |    11 |    15 |    51 |    56 ||   133
  Block: Buckler           |       |       |    11 |    20 ||    31

Table legend: (Time is in decaauts)
 A = Elapsed time spent in this place.
 B = Non-inter-level travel time spent in this place.
 C = Inter-level travel time spent in this place.
 D = Time resting spent in this place.
 E = Time spent auto-exploring this place.
 F = Levels seen in this place.
 G = Mean time per level.
                   A        B        C        D        E       F      G
               +--------+--------+--------+--------+--------+-----+--------+
         Total |   8870 |   8463 |    407 |    638 |   6345 |  11 |  806.4 |
       Dungeon |   8237 |   7839 |    398 |    545 |   5971 |   9 |  915.2 |
        Temple |     47 |     38 |      9 |      0 |      1 |   1 |   47.0 |
       Ossuary |    586 |    586 |      0 |     93 |    373 |   1 |  586.0 |
               +--------+--------+--------+--------+--------+-----+--------+

Top non-repeatable levels by time:
     D:5: 1310 daAuts
     D:8: 1259 daAuts
     D:1: 1203 daAuts
     D:4: 1158 daAuts
     D:3: 895 daAuts
     D:2: 836 daAuts
     D:6: 765 daAuts
     D:7: 677 daAuts
 Ossuary: 586 daAuts
     D:9: 130 daAuts
  Temple: 47 daAuts
